 Dungeon Crawl Stone Soup version 0.23-a0-386-g9c9d49f (webtiles) character file.

1645 MisterFreud the Carver (level 8, -3/68 HPs)
             Began as a Minotaur Abyssal Knight on Oct 28, 2018.
             Was an Elder of Lugonu.
             Killed by divine providence
             ... invoked by an orc priest
              (10 damage)
             ... on level 5 of the Dungeon.
             The game lasted 00:11:59 (5390 turns).

MisterFreud the Carver (Minotaur Abyssal Knight)    Turns: 5390, Time: 00:11:59

Health: -3/68      AC:  8    Str: 19    XL:     8   Next: 67%
Magic:  0/13       EV: 11    Int:  9    God:    Lugonu [****..]
Gold:   197        SH:  0    Dex: 10    Spells: 7/7 levels left

rFire    + . .     SeeInvis .   a - +1 falchion
rCold    . . .     Gourm    .   (no shield)
rNeg     . . .     Faith    .   s - +3 leather armour {rF+}
rPois    .         Spirit   +   (helmet restricted)
rElec    .         Reflect  .   d - scarf {Spirit}
rCorr    .         Harm     .   o - +0 pair of gloves
MR       .....                  r - +0 pair of boots
Stlth    +.........             (no amulet)
HPRegen  0.21/turn              (no ring)
MPRegen  0.13/turn              (no ring)

@: no status effects
A: retaliatory headbutt, horns 2
a: Depart the Abyss, Bend Space, Banish, Corrupt, Renounce Religion


You were on level 5 of the Dungeon.
You worshipped Lugonu.
Lugonu was greatly pleased with you.
You were not hungry.

You visited 1 branch of the dungeon, and saw 6 of its levels.
You visited the Abyss 1 time.

You collected 197 gold pieces.

Inventory:

Hand Weapons
 a - a +1 falchion (weapon)
Armour
 d - a scarf of spirit shield (worn)
 o - a +0 pair of gloves (worn)
 r - a +0 pair of boots (worn)
 s - a +3 leather armour of fire resistance (worn)
Wands
 e - a wand of iceblast (4)
Scrolls
 g - a scroll of fear {unknown}
 i - a scroll of fog
 p - 2 scrolls of teleportation
 q - 2 scrolls of remove curse
 t - a scroll of magic mapping
 u - 2 scrolls of enchant armour
 v - a scroll of random uselessness {unknown}
Potions
 f - 2 potions of curing
 h - a potion of might
 j - a potion of mutation
 k - 2 potions of flight
 l - a potion of magic
 m - 3 potions of agility
 n - a potion of haste {unknown}
 w - a potion of berserk rage
Comestibles
 b - 5 chunks of flesh
 c - 11 rations


   Skills:
 + Level 5.1 Fighting
 - Level 8.1 Long Blades
 + Level 4.3 Armour
 - Level 1.1 Dodging
 - Level 8.0 Invocations


You had 7 spell levels left.
You didn't know any spells.
Your spell library was empty.

Dungeon Overview and Level Annotations

Branches:
Dungeon (6/15)
 Temple: D:4-7

Altars:
Ashenzari
Nemelex Xobeh
Okawaru
Trog
Xom
Yredelemnul

Annotations:
D:5 Ijyb


Innate Abilities, Weirdness & Mutations

You reflexively headbutt those who attack you in melee.
You have a pair of horns on your head.


Message History

There is an open door here.
The orc completely misses you. You furiously retaliate!
You headbutt the orc!
You kill the orc!
Lugonu accepts your kill.
There is an escape hatch in the ceiling here.
The orc barely misses you. You furiously retaliate!
You headbutt the orc. A mysterious force pulls you upwards.
The hatch slams shut behind you.
Reactivating autopickup.
The orc priest calls upon Beogh to heal the orc.
The orc's wounds heal themselves!
The orc priest hits you with a +0 flail.
* * * LOW HITPOINT WARNING * * *
Space bends around you!
You blink.
Ijyb the Twisted Goblin comes into view.
She is carrying a wand of iceblast The orc priest mumbles some strange prayers to Beogh against you.
Beogh smites you!
* * * LOW HITPOINT WARNING * * *
The orc priest calls down the wrath of Beogh upon you.
Beogh smites you!
You die...

.. ## .. .. ###.### ..
....... ##. .......#..
#........ #..g....# .
########...@### ....
##.....####....###....
##.......###.#o........
#.........##...#.....>.
#...<.....###.o........
#.).......##ยง..%...####.
#.........#.o.....###...
#.........#.#.........#
#...........#.......##


You could see Ijyb, an orc priest and an orc.

Vanquished Creatures
  Pikel (D:4)
  A slave (D:4)
  4 ogres
  A phantom (D:6)
  Blork the orc (D:6)
  A bullfrog (D:6)
  A howler monkey (D:6)
  A crimson imp (D:6)
  A centaur zombie (D:6)
  An orc priest (D:4)
  An iguana (D:5)
  3 worker ants
  6 orc wizards
  6 gnolls (D:3)
  5 adders
  An ooze (D:6)
  An adder skeleton (D:4)
  An adder zombie (D:6)
  2 worms
  4 dart slugs
  4 leopard geckos
  19 orcs
  2 ball pythons
  8 giant cockroaches
  4 goblins
  7 hobgoblins
  5 jackals (D:4)
  2 quokkas
  5 bats
  5 frilled lizards
  8 kobolds
  9 rats
121 creatures vanquished.

Vanquished Creatures (others)
  A giant cockroach (D:5)
  3 jackals (D:5)
4 creatures vanquished.

Grand Total: 125 creatures vanquished

Notes
Turn   | Place    | Note
-------+----------+-------------------------------------------
     0 | Abyss:1  | MisterFreud the Minotaur Abyssal Knight began the quest for
                  | the Orb.
     0 | Abyss:1  | Reached XP level 1. HP: 19/19 MP: 1/1
    12 | D:1      | Escaped the Abyss
    99 | D:1      | Reached XP level 2. HP: 26/26 MP: 2/2
   612 | D:2      | Reached ** piety under Lugonu
   773 | D:2      | Reached XP level 3. HP: 20/31 MP: 2/4
  2082 | D:3      | Reached XP level 4. HP: 39/39 MP: 5/5
  3398 | D:3      | Reached XP level 5. HP: 40/45 MP: 5/7
  3684 | D:4      | Found a sparkling altar of Nemelex Xobeh.
  3686 | D:4      | Found a shattered altar of Ashenzari.
  3686 | D:4      | Found a shimmering altar of Xom.
  3687 | D:4      | Noticed an ogre
  3696 | D:4      | Killed an ogre
  3696 | D:4      | Reached skill level 5 in Invocations
  3708 | D:4      | Found a basalt altar of Yredelemnul.
  3759 | D:4      | Noticed an ogre
  3768 | D:4      | Killed an ogre
  3768 | D:4      | Reached skill level 5 in Long Blades
  3768 | D:4      | Reached XP level 6. HP: 21/51 MP: 2/9
  3824 | D:4      | Reached *** piety under Lugonu
  4252 | D:5      | Entered Level 5 of the Dungeon
  4255 | D:5      | Noticed a slave
  4257 | D:5      | Reached XP level 7. HP: 26/57 MP: 4/10
  4283 | D:5      | Noticed Pikel
  4288 | D:5      | Paralysed by Pikel for 6 turns
  4304 | D:4      | Paralysed by Pikel for 6 turns
  4330 | D:4      | Killed Pikel
  4635 | D:5      | Reached XP level 8. HP: 44/64 MP: 7/12
  5069 | D:6      | Noticed Blork the orc
  5101 | D:6      | Killed Blork the orc
  5148 | D:6      | Found a bloodstained altar of Trog.
  5149 | D:6      | Found an iron altar of Okawaru.
  5200 | D:6      | Reached **** piety under Lugonu
  5209 | D:6      | Reached skill level 5 in Fighting
  5389 | D:5      | Noticed Ijyb
  5390 | D:5      | Killed from afar by an orc priest

Vault maps used:
D:1:      lemuel_arrival_behind_the_door_small
D:4:      chequers_temple_overflow_statue_of_worship, yredelemnul_altar_generic
D:5:      minmay_temple_entry_hall, first_ration, grunt_ministairs_2,
          grunt_gozag_breadcrumbs, uniq_ijyb, uniq_pikel, uniq_prince_ribbit1
D:6:      grunt_temple_overflow_bloody_war, uniq_blork_the_orc,
          uniq_crazy_yiuf_cottage

Skill      XL: |  1  2  3  4  5  6  7  8 |
---------------+-------------------------+-----
Invocations    | 2 3 4 5 6 7 8 |  8.0
Long Blades    | 3 4 5 6 8 |  8.1
Fighting       | 5 |  5.1
Armour         | 4 |  4.3
Dodging        | |  1.1

Action                   |  1- 3 |  4- 6 |  7- 9 || total
-------------------------+-------+-------+-------++-------
Melee: Falchion          |    83 |   124 |   207 ||   414
       Headbutt          |    16 |    21 |    26 ||    63
Invok: Bend Space        |       |       |     3 ||     3
  Use: Scroll            |       |    11 |     2 ||    13
       Potion            |       |     1 |     3 ||     4
  Eat: Chunk             |     4 |     6 |     5 ||    15
Armor: Leather armour    |    16 |    31 |    71 ||   118
       Skin              |       |       |    29 ||    29
Dodge: Dodged            |    49 |    51 |   101 ||   201
       Rpst.: Falchion   |    13 |    15 |    28 ||    56

Table legend:
 A = Non-vault XP
 B = Vault XP
 C = Vault XP percentage of total XP
 D = Non-vault monster count
 E = Vault monster count
 F = Vault count percentage of total count
                 A         B        C        D         E       F
            +---------+---------+-------+---------+---------+-------
      Total |    1606 |     745 |  31.7 |     117 |       3 |   2.5
            +---------+---------+-------+---------+---------+-------
        D:1 |      30 |       0 |   0.0 |      15 |       0 |   0.0
        D:2 |      58 |       0 |   0.0 |      25 |       0 |   0.0
        D:3 |     127 |       0 |   0.0 |      22 |       0 |   0.0
        D:4 |     405 |     651 |  61.6 |      20 |       1 |   4.8
        D:5 |     186 |       0 |   0.0 |       5 |       0 |   0.0
        D:6 |     800 |      94 |  10.5 |      30 |       2 |   6.2
            +---------+---------+-------+---------+---------+-------
